 Dungeon Crawl Stone Soup version 0.26.0-15-gc6cd9f700b (webtiles) character file.

Game seed: 16599627011871131687

7256 Acheron the Grappler (level 10, -1/92 HPs)
             Began as a Troll Air Elementalist on Jan 16, 2021.
             Slain by a blink frog (16 damage)
             ... on level 6 of the Lair of Beasts.
             The game lasted 00:53:28 (6930 turns).

Acheron the Grappler (Troll Air Elementalist)       Turns: 6930, Time: 00:53:29

Health: -1/92      AC: 10    Str: 18    XL:     10   Next: 88%
Magic:  0/11       EV: 14    Int: 11    God:
Gold:   535        SH:  0    Dex: 19    Spells: 11/12 levels left

rFire    + . .     SeeInvis .     - Unarmed
rCold    + . .     Faith    .   (no shield)
rNeg     + . .     Spirit   +   G - +2 robe {rN+}
rPois    .         Reflect  .   n - +2 hat
rElec    +         Harm     .   i - scarf {rC+ rF+}
rCorr    .         Rampage  .   (gloves unavailable)
Will     .....                  (boots unavailable)
Stlth    +++.......             v - amulet of the Lizard {Spirit rElec}
HPRegen  0.65/turn              K - +6 ring of dexterity
MPRegen  0.12/turn              (no ring)

@: mighty
A: large, unfitting armour, claws 3, regeneration 1, shaggy fur 1, tough skin 3
a: no special abilities


You were on level 6 of the Lair of Beasts.
You visited 3 branches of the dungeon, and saw 16 of its levels.

You collected 535 gold pieces.

Inventory:

Hand Weapons
 a - a +2 hand axe
 g - a +2 scimitar of flaming
 B - a +5 rapier of venom
 E - a +0 hunting sling of freezing
 J - a +5 flail of freezing
 M - the +3 dire flail of the Sun {flame, *Drain rElec rF- rC+++}
   (You found it on level 4 of the Lair of Beasts)

   It has been specially enchanted to burn those struck by it, causing extra
   injury to most foes and up to half again as much damage against particularly
   susceptible opponents.
   It makes you vulnerable to fire.
   It renders you almost immune to cold.
   It insulates you from electricity.
   It causes draining when unequipped.
 P - a cursed -2 dire flail
Missiles
 h - 41 stones
 l - 61 poisoned darts
 t - 3 boomerangs
 D - 7 javelins (quivered)
Armour
 i - a scarf of resistance (worn)
 n - a +2 hat (worn)
 s - a +2 cloak
 G - a +2 robe of positive energy (worn)
Magical Staves
 c - an uncursed staff of air
 y - an uncursed staff of earth {unknown}
Jewellery
 k - the ring of Vacwot {Fire Dex+2}
   (You took it off an efreet on level 8 of the Dungeon)

   [ring of fire]

   It enhances your fire magic.
   It affects your dexterity (+2).
   It protects you from fire.
   It makes you vulnerable to cold.
 v - the amulet of the Lizard (around neck) {Spirit rElec}
   (You took it off a kobold demonologist on level 8 of the Dungeon)

   [amulet of guardian spirit]

   It causes incoming damage to be split between your health and magic.
   It insulates you from electricity.
 K - a +6 ring of dexterity (left claw)
Wands
 d - a wand of iceblast (6)
 f - a wand of flame (21)
 I - a wand of acid (12)
Scrolls
 b - 3 scrolls of enchant armour
 p - 3 scrolls of remove curse
 q - 2 scrolls of magic mapping
 w - a scroll of fear
 x - 2 scrolls of blinking
 A - 3 scrolls of fog {unknown}
 C - 2 scrolls of amnesia {unknown}
 F - a scroll of teleportation
 H - a scroll of brand weapon {unknown}
 L - a scroll of identify
 N - a scroll of enchant weapon {unknown}
Potions
 e - a potion of magic
 j - 2 potions of curing
 m - a potion of might
 o - 3 potions of lignification
 r - 2 potions of flight
 u - 3 potions of mutation
 z - a potion of berserk rage
Miscellaneous
 O - a condenser vane


   Skills:
 * Level 3.8 Fighting
 * Level 2.6 Maces & Flails
 * Level 4.3 Throwing
 * Level 6.4 Dodging
 * Level 3.2 Stealth
 * Level 11.0 Unarmed Combat
 + Level 1.5 Spellcasting
 + Level 1.1 Conjurations
 + Level 2.1 Air Magic
 * Level 2.1 Evocations


You had 11 spell levels left.
You knew the following spells:

 Your Spells              Type           Power        Failure   Level
a - Shock                 Conj/Air       16%          16%         1

Your spell library contained the following spells:

 Spells                   Type           Power        Failure   Level
 Magic Dart               Conj           12%          19%         1
 Swiftness                Air            5%           19%         2
 Foxfire                  Conj/Fire      8%           24%         1
 Blink                    Tloc           N/A          43%         2
 Call Imp                 Summ           0%           43%         2
 Slow                     Hex            0%           43%         2
 Static Discharge         Conj/Air       4%           43%         3
 Mephitic Cloud           Conj/Pois/Air  3%           52%         3
 Conjure Flame            Conj/Fire      2%           58%         3
 Confusing Touch          Hex            0%           67%         3
 Gell's Gravitas          Tloc           0%           67%         3
 Airstrike                Air            2%           77%         4
 Cause Fear               Hex            0%           97%         4
 Petrify                  Tmut/Erth      0%           97%         4
 Lightning Bolt           Conj/Air       2%           99%         5
 Metabolic Englaciation   Hex/Ice        0%           100%        5
 Yara's Violent Unravell  Hex/Tmut       0%           100%        5
 Dragon Form              Tmut           0%           100%        7
 Dragon's Call            Summ           0%           100%        9


Dungeon Overview and Level Annotations

Branches:
Dungeon (9/15)             Temple (1/1) D:5            Lair (6/6) D:9
 Shoals (0/4) Lair:4        Slime (0/5) Lair:6
  Snake: Lair:2-4    Spider: Lair:2-4       Orc: D:9-12

Altars:
Ashenzari
Cheibriados
Dithmenos
Elyvilon
Fedhas
Gozag
Hepliaklqana
Kikubaaqudgha
Makhleb
Nemelex Xobeh
Okawaru
Qazlal
Ru
Sif Muna
Uskayaw
Vehumet
Wu Jian
Xom
Yredelemnul
Zin
The Shining One

Annotations:
D:5 2 transporters, Valentain's ghost, weakling HODe
D:6 Edmund
D:8 exclusion: downstairs
Lair:6 exclusion: oklob plant


Innate Abilities, Weirdness & Mutations

You are too large for most types of armour.
You have claws for hands.
Your natural rate of healing is unusually fast.
You are covered in fur. (AC +1)
You have extremely tough skin. (AC +3)


Message History

You claw the blink frog!
You kill the blink frog!
The blink frog hits you! The blink frog hits you!
* * * LOW HITPOINT WARNING * * *
The blink frog hits you but does no damage.
You see here a blink frog corpse.
You closely miss the blink frog.
The blink frog is severely wounded.
The blink frog hits you!
* * * LOW HITPOINT WARNING * * *
The blink frog hits you.
* * * LOW HITPOINT WARNING * * *
The blink frog blinks!
You feel better. The blink frog barely misses you.
The blink frog closely misses you.
The blink frog blinks!
You feel very mighty all of a sudden. The blink frog completely misses you.
The blink frog closely misses you.
The blink frog blinks!
The blink frog hits you!
You die...

#...............,,,,,,,,,,,,,,,,,
##.##...........,,,......,,,,,,,,
*##.P.##........,,.......,,,,,,,,
##..PP..........,,......,,,,,,,,,
#..P......#.....**.....,,,,,,,,,,
#.........######*##..##,,,*,,*,,,
##........P#######P...##*,***,,,,
#........PP.P..##.P.§[##**,,*,,,
##.............F@F..P.#.##.,**,,,
.........##########.§...F..,,,,,,
..P......#****** #........,,,,,,
###P.##..#*,,,,***#.#......,,,,**
##....####*,,,,*#.'..###..§,_,,,,
.P.......#*∩,,....#........,,,,,,
..P......#*,..4##.+........,,,,,,
#....#.P##*,..,*#*#...$....,,,,,*
(##..#.##******* #........,,,,,,


You could see 2 blink frogs.

Vanquished Creatures
  An ogre mage (D:8)
  Maurice (D:8)
  A cane toad (Lair:4)
  A kobold demonologist (D:8)
  An efreet (D:8)
  A komodo dragon (D:9)
  2 blink frogs (Lair:6)
  2 wraiths (D:8)
  Eustachio (D:6)
  A naga (Lair:4)
  2 water moccasins
  Duvessa (D:6)
  2 ice beasts (D:7)
  A phantom (D:5)
  2 necrophages
  4 ogres
  5 centaurs
  A big kobold (D:8)
  11 bullfrogs
  Dowan (D:6)
  2 scorpions (D:7)
  3 killer bees (D:8)
  17 wights
  3 howler monkeys
  4 orc priests
  2 hounds
  5 orc wizards
  A quasit (D:7)
  2 bullfrog skeletons
  A jelly (D:7)
  Crazy Yiuf (D:6)
  3 iguanas
  8 worker ants
  A worker ant zombie (D:7)
  2 gnolls (D:3)
  A howler monkey skeleton (D:3)
  6 adders
  2 shadow imps
  3 white imps
  2 ufetubi
  2 adder skeletons
  5 worms
  4 dart slugs
  9 leopard geckos
  23 orcs
  2 ball pythons
  4 giant cockroaches
  5 goblins
  9 hobgoblins
  3 quokkas
  7 bats
  4 frilled lizards
  A jackal skeleton (D:5)
  7 kobolds
  8 rats
204 creatures vanquished.

Vanquished Creatures (others)
  A wight (D:8)
  2 fungi
  22 plants
25 creatures vanquished.

Grand Total: 229 creatures vanquished

Notes
Turn   | Place    | Note
-------+----------+-------------------------------------------
     0 | D:1      | Acheron the Troll Air Elementalist began the quest for the
                  | Orb.
     0 | D:1      | Reached XP level 1. HP: 16/16 MP: 1/1
   209 | D:1      | Reached XP level 2. HP: 24/24 MP: 0/2
   601 | D:1      | Reached skill level 1 in Conjurations
   601 | D:1      | Reached XP level 3. HP: 30/32 MP: 3/3
   662 | D:2      | Reached skill level 1 in Unarmed Combat
   936 | D:2      | Reached XP level 4. HP: 16/40 MP: 5/5
  1141 | D:3      | Reached skill level 2 in Unarmed Combat
  1253 | D:3      | Reached skill level 1 in Fighting
  1253 | D:3      | Reached XP level 5. HP: 29/48 MP: 6/6
  1298 | D:3      | Reached skill level 1 in Throwing
  1298 | D:3      | Reached skill level 3 in Unarmed Combat
  1411 | D:4      | Found a glowing golden altar of the Shining One.
  1465 | D:4      | Noticed an ogre
  1489 | D:4      | Killed an ogre
  1490 | D:4      | Reached XP level 6. HP: 31/55 MP: 7/7
  1884 | D:3      | Found a basalt altar of Yredelemnul.
  1935 | D:3      | Found a white marble altar of Elyvilon.
  2147 | D:5      | Entered Level 5 of the Dungeon
  2198 | D:4      | Reached skill level 4 in Unarmed Combat
  2373 | D:5      | Reached XP level 7. HP: 60/62 MP: 8/8
  2410 | D:5      | Found a burning altar of Makhleb.
  2455 | D:5      | Found a staircase to the Ecumenical Temple.
  2475 | Temple   | Entered the Ecumenical Temple
  2479 | Temple   | Reached skill level 5 in Unarmed Combat
  3055 | D:5      | Reached skill level 6 in Unarmed Combat
  3055 | D:5      | Reached XP level 8. HP: 56/72 MP: 9/9
  3117 | D:5      | Found a transporter.
  3118 | D:5      | Noticed Valentain's ghost (weakling HODe)
  3128 | D:5      | Found a transporter.
  3342 | D:6      | Noticed Edmund
  3545 | D:7      | Found a blossoming altar of Fedhas.
  3547 | D:7      | Found a shadowy altar of Dithmenos.
  3697 | D:7      | Reached skill level 7 in Unarmed Combat
  3986 | D:7      | Reached skill level 8 in Unarmed Combat
  3995 | D:7      | Reached XP level 9. HP: 51/79 MP: 10/10
  4169 | D:8      | Noticed Maurice
  4601 | D:6      | Reached skill level 5 in Dodging
  4620 | D:6      | Noticed Eustachio
  4629 | D:6      | Killed Eustachio
  4630 | D:6      | Reached skill level 9 in Unarmed Combat
  4841 | D:6      | Noticed Dowan
  4858 | D:6      | Killed Dowan
  4867 | D:6      | Noticed Duvessa
  4874 | D:6      | Killed Duvessa
  5021 | D:6      | Found a runed translucent door.
  5022 | D:6      | Noticed Crazy Yiuf
  5028 | D:6      | Killed Crazy Yiuf
  5183 | D:8      | Reached skill level 1 in Maces & Flails
  5344 | D:8      | Reached skill level 1 in Evocations
  5420 | D:8      | Noticed a green ugly thing
  5421 | D:8      | Noticed a brown ugly thing
  5422 | D:8      | Noticed an ogre mage
  5498 | D:8      | Killed Maurice
  5499 | D:8      | Reached XP level 10. HP: 84/91 MP: 11/11
  5592 | D:8      | Found an iron altar of Okawaru.
  5657 | D:9      | Noticed a boulder beetle
  5894 | D:8      | Reached skill level 10 in Unarmed Combat
  5902 | D:9      | Noticed a white ugly thing
  5904 | D:9      | Noticed a centaur warrior
  5918 | D:8      | HP: 3/87 [wraith (7)]
  6066 | D:8      | Paralysed by an ogre mage for 2 turns
  6075 | D:8      | Killed an ogre mage
  6135 | D:8      | Identified the ring of Vacwot {Fire Dex+2}
  6142 | D:8      | Identified the amulet of the Lizard {Spirit rElec}
  6267 | D:9      | Found a staircase to the Lair.
  6311 | Lair:1   | Entered Level 1 of the Lair of Beasts
  6407 | Lair:2   | Noticed a torpor snail
  6428 | Lair:3   | Noticed a cane toad
  6442 | Lair:3   | Noticed a six-headed hydra
  6455 | Lair:4   | Killed a cane toad
  6597 | Lair:4   | Got an ichor-stained dire flail
  6598 | Lair:4   | Identified the +3 dire flail of the Sun {flame, *Drain
                  | rElec rF- rC+++} (You found it on level 4 of the Lair of
                  | Beasts)
  6626 | Lair:4   | Found a staircase to the Shoals.
  6814 | Lair:5   | Noticed a cane toad
  6830 | Lair:6   | Entered Level 6 of the Lair of Beasts
  6833 | Lair:6   | Reached skill level 11 in Unarmed Combat
  6882 | Lair:6   | Noticed a fire crab
  6905 | Lair:6   | Noticed an oklob plant
  6930 | Lair:6   | Slain by a blink frog

Illustrated notes

Levels and vault maps discovered:
D:1:      evilmike_arrival_fibonacci_small, layout_basic, minmay_pentomino_r4
D:2:      minmay_diamond_boxcup, layout_rooms
D:3:      layout_basic, kennysheep_ying_yang
D:4:      layout_basic, lemuel_doored_altar
D:5:      layout_basic, lemuel_coloured_pillars_altar,
          minmay_temple_entry_glass, gammafunk_ghost_mausoleum
D:6:      layout_loops_ring, uniq_duvessa, uniq_edmund, uniq_crazy_yiuf_cottage,
          uniq_eustachio
D:7:      layout_loops_ring, nicolae_overflow_hidden_temple
D:8:      minmay_the_grid_triangle_9x9_recursive_2
          [minmay_the_grid_triangle_9x9_prize_special,
          minmay_the_grid_triangle_9x9_intruding_spiral,
          minmay_the_grid_triangle_9x9_minimal,
          minmay_the_grid_triangle_9x9_alien], layout_basic,
          okawaru_metal_pillars_3, uniq_maurice
D:9:      layout_rooms, kennysheep_little_box, david_lair_shrubbed,
          nicolae_blasting_shop, hangedman_tree_tricks, minivault_28
Temple:   minmay_temple_curvy_branch
Lair:1:   layout_layer_cave, minmay_lair_oklob_chamber, grunt_megastairs_3
Lair:2:   layout_concentric_octagons, serial_bayou_shore_a
Lair:3:   layout_chaotic_city, basic_altar, serial_forest,
          infiniplex_forest_lined_corner, infiniplex_forest_lined_room_,
          infiniplex_forest_diagonal, infiniplex_forest_straight_3,
          infiniplex_forest_clump_medium, infiniplex_forest_lined_2,
          st_stairs_11, grunt_forest_stairs_clearing, grunt_megastairs_5,
          uniq_urug
Lair:4:   layout_regular_city, minmay_shoals_entry_centaurs,
          minmay_snake_entry_guardpost_small, grunt_megastairs_1,
          serial_bayou_shore_b
Lair:5:   layout_small_grid
Lair:6:   wormcave, layout_long_grid, hangedman_lair_in_review,
          minmay_slime_entry_oklob_open, basic_altar,
          portal_ice_cave_demonic_guard

Skill      XL: |  1  2  3  4  5  6  7  8  9 10 |
---------------+-------------------------------+-----
Conjurations   | 1 |  1.1
Unarmed Combat | 1 2 3 4 6 8 9 11 | 11.0
Dodging        | 2 3 4 5 6 |  6.4
Fighting       | 1 2 3 |  3.8
Throwing       | 1 2 3 4 |  4.3
Stealth        | 2 3 |  3.2
Maces & Flails | 1 2 |  2.6
Evocations     | 1 2 |  2.1
Spellcasting   | |  1.5
Air Magic      | |  2.1

Action                   |  1- 3 |  4- 6 |  7- 9 | 10-12 || total
-------------------------+-------+-------+-------+-------++-------
Melee: Unarmed           |   140 |   175 |   334 |   117 ||   766
       Punch             |       |     2 |    14 |    11 ||    27
Throw: Dart              |       |     4 |     1 |       ||     5
       Javelin           |       |       |     8 |     2 ||    10
 Cast: Shock             |     3 |     4 |       |       ||     7
Evoke: Wand              |       |       |       |     8 ||     8
  Use: Scroll            |       |    11 |     6 |     6 ||    23
       Potion            |       |       |       |     4 ||     4
 Stab: Sleeping          |     2 |     3 |     4 |       ||     9
Armor: Robe              |    62 |    72 |   120 |    31 ||   285
Dodge: Dodged            |    70 |   123 |   169 |    88 ||   450
